 Dungeon Crawl Stone Soup version 0.29.1-13-g9f3cf754e1 (webtiles) character file.

Game seed: 9895862793412470599

93 Saba the Shooter (level 4, -4/28 HPs)
             Began as a Gargoyle Hunter on Feb 8, 2023.
             Slain by a gnoll
             ... wielding a +0 whip
              (8 damage)
             ... on level 3 of the Dungeon.
             The game lasted 00:03:11 (2106 turns).

Saba the Shooter (Gargoyle Hunter)                  Turns: 2106, Time: 00:03:12

Health: -4/28      AC:  7    Str: 15    XL:     4   Next: 62%
Magic:  4/4        EV: 11    Int:  9    God:
Gold:   109        SH:  0    Dex: 15    Spells: 3/3 levels left

rFire   . . .      SeeInvis .   q - +3 hand axe
rCold   . . .      Faith    .   (no shield)
rNeg    + . .      Spirit   .   c - +0 leather armour
rPois   ∞          Reflect  .   e - +0 helmet
rElec   +          Harm     .   (no cloak)
rCorr   .          Rampage  .   (no gloves)
Will    .....                   (no boots)
Stlth   ++........              (no amulet)
HPRegen 0.09/turn               (no ring)
MPRegen 0.09/turn               (no ring)

@: no status effects
A: sickness immunity, AC +3, negative energy resistance 1, electricity
resistance, torment resistance 1, petrification resistance, MP-powered wands
a: no special abilities


You were on level 3 of the Dungeon.
You visited 1 branch of the dungeon, and saw 3 of its levels.

You collected 109 gold pieces.

Inventory:

Hand Weapons
 a - a +0 shortbow
 q - a +3 hand axe (weapon)
Armour
 c - a +0 leather armour (worn)
 e - a +0 helmet (worn)
 f - a +2 kite shield
Scrolls
 b - a scroll of immolation
 g - a scroll of brand weapon {unknown}
 i - a scroll of amnesia {unknown}
 j - 2 scrolls of identify {unknown}
 o - a scroll of butterflies {unknown}
 p - a scroll of vulnerability {unknown}
Potions
 d - 3 potions of mutation
 k - a potion of cancellation {unknown}
 l - 2 potions of flight {unknown}
 m - 2 potions of magic {unknown}
 n - 2 potions of attraction {unknown}


   Skills:
 + Level 3.1 Fighting
 * Level 5.0 Ranged Weapons
 - Level 1.5 Dodging
 - Level 1.1 Stealth
 + Level 2.0 Shields


You had 3 spell levels left.
You didn't know any spells.
Your spell library contained the following spells:

 Spells                   Type           Power      Damage    Failure   Level
 Blink                    Tloc           0%         N/A       58%         2
 Freezing Cloud           Conj/Ice/Air   0%         6-21      100%        5
 Manifold Assault         Tloc           0%         N/A       100%        5
 Conjure Ball Lightning   Conj/Air       0%         3x3d6     100%        6
 Simulacrum               Ice/Necr       0%         N/A       100%        6
 Storm Form               Tmut/Air       0%         N/A       100%        7
 Discord                  Hex            0%         N/A       100%        8
 Disjunction              Tloc           0%         N/A       100%        8
 Polar Vortex             Ice            0%         N/A       100%        9


Dungeon Overview and Level Annotations

Branches:
Dungeon (3/15)

Altars:
Kikubaaqudgha
Yredelemnul

Annotations:
D:3 2 transporters, Menkaure


Innate Abilities, Weirdness & Mutations

You are immune to sickness and miasma.
Your stone body is resilient. (AC +3)
You are immune to poison.
You resist negative energy. (rN+)
You are resistant to electric shocks. (rElec)
You are resistant to unholy torment.
You are immune to petrification.
You expend magic power (3 MP) to strengthen your wands.


Message History

The gnoll completely misses you.
You hit the gnoll.
The gnoll is severely wounded.
The gnoll closely misses you. Menkaure breathes soot at you.
You closely miss the gnoll.
The gnoll is severely wounded.
The gnoll barely misses you. x2
You closely miss the gnoll.
The gnoll is heavily wounded.
The gnoll barely misses you.
You slash the gnoll!
You kill the gnoll!
Your Shields skill increases to level 2!
You hit the gnoll.
The gnoll is moderately wounded.
The gnoll closely misses you.
You hit the gnoll but do no damage.
The gnoll is moderately wounded.
The gnoll hits you with a +0 whip. x2
You are too injured to fight recklessly!
You are too injured to fight recklessly!
You hit the gnoll.
The gnoll is severely wounded.
The gnoll hits you with a +0 whip!
* * * LOW HITPOINT WARNING * * *
It was a potion of mutation.
You feel extremely strange.
You feel your magical essence link to the dungeon's wands.
The gnoll misses you.
It was a potion of curing.
You feel better. The gnoll hits you with a +0 whip.
* * * LOW HITPOINT WARNING * * *
You barely miss the gnoll.
The gnoll is severely wounded.
The gnoll closely misses you.
You hit the gnoll but do no damage.
The gnoll is severely wounded.
The gnoll hits you with a +0 whip.
* * * LOW HITPOINT WARNING * * *
The gnoll hits you with a +0 whip!
You die...

....# ....###### ....#
#### ....#.....#. #
............# ..
###########.# ...
..........#.# ....
........./#.# .....
.###.###?$#.######......
.#8#.#8#._#.#...@g......
.........M#...##########
....©....z#©..#
.........Z#..##
.#8#.#8#.Z#.##
.###.###.Z#.#
........."#.#
..........#.#
###########.#


You could see Menkaure, a wight, a gnoll and an adder skeleton.

Vanquished Creatures
  An orc wizard (D:3)
  2 gnolls (D:3)
  An adder (D:2)
  A dart slug (D:1)
  3 orcs (D:3)
  4 endoplasms
  2 giant cockroaches (D:1)
  2 goblins (D:2)
  2 hobgoblins
  6 jackals
  4 kobolds
  2 ball pythons
  A bat (D:1)
  4 frilled lizards (D:1)
  2 rats
  2 toadstools (D:1)
39 creatures vanquished.

Vanquished Creatures (others)
  2 toadstools (D:1)
2 creatures vanquished.

Grand Total: 41 creatures vanquished

Notes
Turn   | Place    | Note
-------+----------+-------------------------------------------
     0 | D:1      | Saba the Gargoyle Hunter began the quest for the Orb.
     0 | D:1      | Reached XP level 1. HP: 12/12 MP: 1/1
   219 | D:1      | Reached XP level 2. HP: 18/18 MP: 2/2
   615 | D:1      | Reached skill level 1 in Shields
   993 | D:2      | Reached XP level 3. HP: 21/22 MP: 3/3
  1690 | D:3      | Reached XP level 4. HP: 21/28 MP: 4/4
  2021 | D:3      | Found a transporter.
  2027 | D:3      | Found a transporter.
  2070 | D:3      | Found a basalt altar of Yredelemnul.
  2074 | D:3      | Noticed Menkaure
  2080 | D:3      | Found an ancient bone altar of Kikubaaqudgha.
  2094 | D:3      | Reached skill level 5 in Ranged Weapons
  2103 | D:3      | Gained mutation: You expend magic power (3 MP) to
                  | strengthen your wands. [potion of mutation]
  2106 | D:3      | Slain by a gnoll

Illustrated notes

Levels and vault maps discovered:
D:1:      ldierk_water_garden, layout_loops_cross
D:2:      layout_loops_ring, dk_noncrumbling_3
D:3:      layout_rooms, gammafunk_temple_of_torment,
          mainiacjoe_overflow_brackets

Skill      XL: |  1  2  3  4 |
---------------+-------------+-----
Shields        | 1 2 |  2.0
Fighting       | 3 |  3.1
Ranged Weapons | 5 |  5.0
Dodging        | |  1.5
Stealth        | |  1.1

Action                   |  1- 3 |  4- 6 || total
-------------------------+-------+-------++-------
Melee: Hand axe          |       |    14 ||    14
       Punch             |       |     1 ||     1
 Fire: Shortbow          |    93 |     9 ||   102
  Use: Potion            |       |     2 ||     2
Armor: Leather armour    |    12 |     2 ||    14
Dodge: Dodged            |    29 |    12 ||    41
